[Event "GambitGuide"]
[Site "Internet Chess Club"]
[Date "2014.10.31"]
[Round "1"]
[White "JSBach"]
[Black "senya"]
[Result "1-0"]
[ICCResult "Black checkmated"]
[WhiteElo "1742"]
[BlackElo "1187"]
[Opening "Vienna: `Frankenstein-Dracula' variation"]
[ECO "C27"]
[NIC "VG.02"]
[Time "18:49:36"]
[TimeControl "120+12"]

1. e4 e5 2. Nc3 Nf6 3. Bc4 Nxe4 4. Qh5 Nd6 5. Bb3 Nc6 6. Nb5 g6 7. Qf3 f5 8.
Qd5 Qe7 9. Nxc7+ Kd8 10. Nxa8 b6 11. d3 Bb7 12. Nxb6 axb6 13. Qf3 Kc7 14.
Bd2 Nd4 15. Qg3 Nxb3 16. axb3 Bg7 17. Ne2 e4 18. Bg5 Qe5 19. Bf4 Qd5 20.
O-O-O exd3 21. Rxd3 Qe4 22. Bxd6+ Kc8 23. Nf4 Re8 24. Re3 Bxb2+ 25. Kb1 Qxg2
26. Rxe8# {Black checkmated} 1-0

[Event "GambitGuide"]
[Site "Internet Chess Club"]
[Date "2014.10.31"]
[Round "1"]
[White "JSBach"]
[Black "Agnuti"]
[Result "1-0"]
[ICCResult "Black resigns"]
[WhiteElo "1742"]
[BlackElo "1385"]
[Opening "Vienna: `Frankenstein-Dracula' variation"]
[ECO "C27"]
[NIC "VG.02"]
[Time "18:49:47"]
[TimeControl "120+12"]

1. e4 e5 2. Nc3 Nf6 3. Bc4 Nxe4 4. Qh5 Nd6 5. Bb3 Nc6 6. Nb5 g6 7. Qf3 f5 8.
Qd5 Qe7 9. Nxc7+ Kd8 10. Nxa8 b6 11. d3 Bb7 12. Nxb6 axb6 13. Qf3 Na5 14.
Qe3 Kc7 15. Nf3 e4 16. dxe4 Nxe4 17. O-O Qc5 18. Ba4 Nc4 19. Qd3 d5 20. Qd4
Qxd4 21. Nxd4 Ncd2 22. Rd1 Nc4 23. f3 Nc5 24. Bb5 Bd6 25. Bxc4 dxc4 26. Nb5+
{Black resigns}
1-0

[Event "GambitGuide"]
[Site "Internet Chess Club"]
[Date "2014.10.31"]
[Round "1"]
[White "JSBach"]
[Black "Propugnator"]
[Result "1-0"]
[ICCResult "Black resigns"]
[WhiteElo "1742"]
[BlackElo "1795"]
[Opening "Vienna: `Frankenstein-Dracula' variation"]
[ECO "C27"]
[NIC "VG.02"]
[Time "18:51:23"]
[TimeControl "120+12"]

1. e4 e5 2. Nc3 Nf6 3. Bc4 Nxe4 4. Qh5 Nd6 5. Bb3 Nc6 6. Nb5 g6 7. Qf3 f5 8.
Qd5 Qe7 9. Nxc7+ Kd8 10. Nxa8 b6 11. d3 Bb7 12. Nxb6 axb6 13. Qf3 Nd4 14.
Qg3 f4 15. Qg4 e4 16. Kf1 Qf6 17. Qxf4 Qxf4 18. Bxf4 exd3 19. cxd3 N6f5 20.
Bc4 Bc5 21. Be5 Re8 22. Re1 d6 23. Bf6+ Kd7 24. Rc1 Ne2 25. Bb5+ Bc6 26.
Bxc6+ Kxc6 27. Nxe2 {Black resigns} 1-0

[Event "GambitGuide"]
[Site "Internet Chess Club"]
[Date "2014.10.31"]
[Round "1"]
[White "JSBach"]
[Black "Blima"]
[Result "1-0"]
[ICCResult "Black resigns"]
[WhiteElo "1742"]
[BlackElo "2199"]
[Opening "Vienna: `Frankenstein-Dracula' variation"]
[ECO "C27"]
[NIC "VG.02"]
[Time "18:50:52"]
[TimeControl "120+12"]

1. e4 e5 2. Nc3 Nf6 3. Bc4 Nxe4 4. Qh5 Nd6 5. Bb3 Nc6 6. Nb5 g6 7. Qf3 f5 8.
Qd5 Qe7 9. Nxc7+ Kd8 10. Nxa8 b6 11. d3 e4 12. dxe4 Nxe4 13. Be3 Bg7 14.
O-O-O Qf6 15. c3 Nxc3 16. bxc3 Qxc3+ 17. Bc2 Nb4 18. Qb3 Qa1+ 19. Kd2
{Black resigns}
1-0

[Event "GambitGuide"]
[Site "Internet Chess Club"]
[Date "2014.10.31"]
[Round "1"]
[White "JSBach"]
[Black "tazmanfox66"]
[Result "1-0"]
[ICCResult "Black checkmated"]
[WhiteElo "1742"]
[BlackElo "1524"]
[Opening "Vienna: `Frankenstein-Dracula' variation"]
[ECO "C27"]
[NIC "VG.02"]
[Time "18:50:17"]
[TimeControl "120+12"]

1. e4 e5 2. Nc3 Nf6 3. Bc4 Nxe4 4. Qh5 Nd6 5. Bb3 Nc6 6. Nb5 g6 7. Qf3 f5 8.
Qd5 Qe7 9. Nxc7+ Kd8 10. Nxa8 b6 11. d3 Bb7 12. Nxb6 axb6 13. Qf3 Kc7 14.
Bd2 Nd4 15. Qg3 f4 16. Qg4 N6f5 17. c3 Ne6 18. Nf3 Bg7 19. O-O Qf6 20. d4 d6
21. Rfe1 h5 22. Qh3 g5 23. Bxe6 Qxe6 24. Nxg5 Qg6 25. Nf3 Bxf3 26. Qxf3 Nh4
27. Qd5 f3 28. g3 Nf5 29. dxe5 Bxe5 30. Qxf3 h4 31. g4 Rg8 32. h3 Nh6 33.
Bxh6 Qxh6 34. Qf7+ Kc6 35. Qxg8 Qf4 36. Qc8+ Kb5 37. a4+ Ka5 38. Qa8#
{Black checkmated}
1-0

[Event "GambitGuide"]
[Site "Internet Chess Club"]
[Date "2014.10.31"]
[Round "1"]
[White "JSBach"]
[Black "imortaliss"]
[Result "0-1"]
[ICCResult "White checkmated"]
[WhiteElo "1757"]
[BlackElo "2010"]
[Opening "Vienna: `Frankenstein-Dracula' variation"]
[ECO "C27"]
[NIC "VG.02"]
[Time "18:50:28"]
[TimeControl "120+12"]

1. e4 e5 2. Nc3 Nf6 3. Bc4 Nxe4 4. Qh5 Nd6 5. Bb3 Nc6 6. Nb5 g6 7. Qf3 f5 8.
Qd5 Qe7 9. Nxc7+ Kd8 10. Nxa8 b6 11. d3 Bg7 12. Nh3 Bb7 13. Bg5 Bf6 14. Nxb6
axb6 15. g3 Nd4 16. Qxb7 Nxb7 17. Be3 Nxb3 18. axb3 Nc5 19. Ra8+ Kc7 20.
Ra7+ Kb8 21. Ra3 g5 22. b4 f4 23. bxc5 fxe3 24. cxb6 exf2+ 25. Nxf2 d5 26.
Rb3 Rc8 27. c3 e4 28. dxe4 dxe4 29. O-O e3 30. Ng4 e2 31. Re1 Bg7 32. Ra3
Qc5+ 33. Nf2 Re8 34. Ra6 Kb7 35. Ra7+ Kxb6 36. Rxg7 Qe3 37. Rxh7 Rf8 38.
Rh6+ Kb5 39. c4+ Kxc4 40. Rc6+ Kb5 41. Rcc1 Rxf2 42. b3 Rf1+ 43. Kg2 Qf3+
44. Kh3 Rxe1 45. Rxe1 Qf1+ 46. Rxf1 exf1=Q+ 47. Kg4 Qe2+ 48. Kxg5 Qxh2 49.
g4 Qe5+ 50. Kh4 Qh8+ 51. Kg5 Qg7+ 52. Kf4 Qf7+ 53. Ke5 Qg6 54. Kf4 Kb4 55.
Kf3 Kxb3 56. Kf4 Kc4 57. g5 Kd4 58. Kg4 Ke4 59. Kg3 Qxg5+ 60. Kh3 Kf3 61.
Kh2 Qg2# {White checkmated} 0-1

[Event "GambitGuide"]
[Site "Internet Chess Club"]
[Date "2014.10.31"]
[Round "1"]
[White "JSBach"]
[Black "franco"]
[Result "1-0"]
[ICCResult "Black resigns"]
[WhiteElo "1757"]
[BlackElo "1417"]
[Opening "Vienna: `Frankenstein-Dracula' variation"]
[ECO "C27"]
[NIC "VG.02"]
[Time "18:49:40"]
[TimeControl "120+12"]

1. e4 e5 2. Nc3 Nf6 3. Bc4 Nxe4 4. Qh5 Nd6 5. Bb3 Nc6 6. Nb5 g6 7. Qf3 f5 8.
Qd5 Qe7 9. Nxc7+ Kd8 10. Nxa8 b6 11. d3 Bb7 12. Nxb6 axb6 13. Qf3 Nd4 14.
Qg3 Nxb3 15. axb3 Kc7 16. Bg5 Qe6 17. Ra7 Be7 18. Bxe7 Qxe7 19. Nf3 e4 20.
Ne5 Re8 21. d4 Kb8 22. Ra3 Rf8 23. O-O f4 24. Qg4 f3 25. Nxd7+ Kc7 26. Nxf8
Qxf8 27. gxf3 exf3 28. Qh4 Qf7 29. Re1 Nf5 30. Qf4+ Kd7 31. b4 Qd5 32. Re5
Qc6 33. Rc3 Qd6 34. d5 Bxd5 35. Rd3 Kc6 36. Rdxd5 {Black resigns} 1-0

[Event "GambitGuide"]
[Site "Internet Chess Club"]
[Date "2014.10.31"]
[Round "1"]
[White "JSBach"]
[Black "Agnuti"]
[Result "1-0"]
[ICCResult "Black resigns"]
[WhiteElo "1757"]
[BlackElo "1385"]
[Opening "Vienna: `Frankenstein-Dracula' variation"]
[ECO "C27"]
[NIC "VG.02"]
[Time "18:53:29"]
[TimeControl "120+12"]

1. e4 e5 2. Nc3 Nf6 3. Bc4 Nxe4 4. Qh5 Nd6 5. Bb3 Nc6 6. Nb5 g6 7. Qf3 f5 8.
Qd5 Qe7 9. Nxc7+ Kd8 10. Nxa8 b6 11. d3 Bb7 12. Nxb6 axb6 13. Qf3 e4 14.
dxe4 Qxe4+ 15. Be3 Bg7 16. Qxe4 Nxe4 17. Bxb6+ Kc8 18. c3 Ne5 19. Rd1 Ng4
20. f3 Nxc3 21. bxc3 Bxc3+ 22. Kf1 Ne5 23. Rc1 {Black resigns} 1-0

[Event "GambitGuide"]
[Site "Internet Chess Club"]
[Date "2014.10.31"]
[Round "1"]
[White "JSBach"]
[Black "Drunxican"]
[Result "1-0"]
[ICCResult "Black resigns"]
[WhiteElo "1757"]
[BlackElo "1518"]
[Opening "Vienna: `Frankenstein-Dracula' variation"]
[ECO "C27"]
[NIC "VG.02"]
[Time "18:53:13"]
[TimeControl "120+12"]

1. e4 e5 2. Nc3 Nf6 3. Bc4 Nxe4 4. Qh5 Nd6 5. Bb3 Nc6 6. Nb5 g6 7. Qf3 f5 8.
Qd5 Qe7 9. Nxc7+ Kd8 10. Nxa8 b6 11. d3 Bb7 12. Nxb6 axb6 13. Qf3 e4 14.
dxe4 Nxe4 15. Be3 Ne5 16. Bxb6+ Kc8 17. Qe3 Ng4 18. Qd4 Bg7 19. Qc4+ Kb8 20.
Bc7+ Ka7 21. Qa4+ Ba6 22. O-O-O Ngxf2 23. Rxd7 Qf6 24. Bd8+ Kb8 25. Qb4+ Ka8
26. Bd5+ {Black resigns} 1-0

[Event "GambitGuide"]
[Site "Internet Chess Club"]
[Date "2014.10.31"]
[Round "1"]
[White "JSBach"]
[Black "sibirica"]
[Result "1-0"]
[ICCResult "Black resigns"]
[WhiteElo "1757"]
[BlackElo "2349"]
[Opening "Vienna: `Frankenstein-Dracula' variation"]
[ECO "C27"]
[NIC "VG.02"]
[Time "18:51:44"]
[TimeControl "120+12"]

1. e4 e5 2. Nc3 Nf6 3. Bc4 Nxe4 4. Qh5 Nd6 5. Bb3 Nc6 6. Nb5 g6 7. Qf3 f5 8.
Qd5 Qe7 9. Nxc7+ Kd8 10. Nxa8 b6 11. d3 Bb7 12. Nxb6 axb6 13. Qf3 Nd4 14.
Qh3 Bg7 15. Be3 f4 16. Bxd4 exd4+ 17. Kf1 Re8 18. Qxh7 Qf6 19. f3 Rh8 20.
Qxh8+ Bxh8 21. Re1 Nf5 22. Ke2 Ne3 23. g3 Qe5 24. Kf2 g5 25. Nh3 Bxf3 26.
Nxg5 Qxg5 27. Kxf3 Qh5+ 28. Kf2 Qh3 29. Reg1 Bf6 30. gxf4 Bh4+ 31. Ke2 Ng2
32. a4 Qe3+ 33. Kd1 Qf3+ 34. Kc1 Qxf4+ 35. Kb1 Ne3 36. Rg8+ Kc7 37. h3 Qf3
38. Rgg1 Bf2 39. Rc1 Bh4 40. Ka2 Qa8 41. Kb1 d5 42. Rhg1 Kc6 43. Rg6+ Kc5
44. Rh6 Bg5 45. Rg6 Bf4 46. Rf6 Bg3 47. Rf3 Bh4 48. Rf4 Qd8 49. Rg1 Bg5 50.
Rf2 Qe7 51. Rf3 Qe5 52. Re1 Bh4 53. Rg1 Qh2 54. Rc1 Qg2 55. Rf4 Qxh3 56. c3
dxc3 57. Rxc3+ Kd6 58. Ka1 Nd1 59. Bxd1 Qh1 60. Ka2 Bg5 61. Bf3 Qe1 62. Rf5
{Black resigns}
1-0

[Event "GambitGuide"]
[Site "Internet Chess Club"]
[Date "2014.10.31"]
[Round "1"]
[White "JSBach"]
[Black "GZ"]
[Result "0-1"]
[ICCResult "White checkmated"]
[WhiteElo "1757"]
[BlackElo "993"]
[Opening "Vienna: `Frankenstein-Dracula' variation"]
[ECO "C27"]
[NIC "VG.02"]
[Time "18:52:15"]
[TimeControl "120+12"]

1. e4 e5 2. Nc3 Nf6 3. Bc4 Nxe4 4. Qh5 Nd6 5. Bb3 Nc6 6. Nb5 g6 7. Qf3 f5 8.
Qd5 Qe7 9. Nxc7+ Kd8 10. Nxa8 b6 11. d3 Bb7 12. Nxb6 axb6 13. Qf3 Kc7 14.
Be3 Nd4 15. Qh3 f4 16. Bxd4 exd4+ 17. Ne2 Bg7 18. Kf1 Re8 19. Nxf4 g5 20.
Qg3 gxf4 21. Qg4 Qe5 22. Ba4 Re7 23. Bb3 h5 24. Qd1 Nf5 25. Kg1 Bf6 26. a3
Nh4 27. f3 Qe3+ 28. Kf1 Nxf3 29. gxf3 Bxf3 30. Qe1 Qxe1+ 31. Rxe1 Rxe1+ 32.
Kxe1 Bxh1 33. Ke2 f3+ 34. Kf2 Bg2 35. Bf7 h4 36. Bd5 Be5 37. Bxf3 Bxf3 38.
Kxf3 Bxh2 39. Kg4 Bg3 40. a4 Kc6 41. Kh3 Kc5 42. Kg4 Kb4 43. Kf3 Kxa4 44.
Kg4 Kb4 45. Kh3 Kc5 46. Kg4 Kd5 47. Kh3 Ke5 48. Kg4 b5 49. Kh3 Kf4 50. Kg2
Ke3 51. b4 Kd2 52. Kf3 Kxc2 53. Kg4 Kxd3 54. Kf3 Kc3 55. Ke4 d3 56. Ke3 d2
57. Ke2 h3 58. Kf3 d1=Q+ 59. Kxg3 Qd3+ 60. Kf2 h2 61. Kg2 Qe2+ 62. Kh1 Qf3+
63. Kxh2 Kd2 64. Kg1 Ke2 65. Kh2 Qg4 66. Kh1 Kf2 67. Kh2 Qg2# {White
checkmated} 0-1

[Event "GambitGuide"]
[Site "Internet Chess Club"]
[Date "2014.10.31"]
[Round "1"]
[White "JSBach"]
[Black "Agnuti"]
[Result "1-0"]
[ICCResult "Black resigns"]
[WhiteElo "1757"]
[BlackElo "1385"]
[Opening "Vienna: `Frankenstein-Dracula' variation"]
[ECO "C27"]
[NIC "VG.02"]
[Time "18:54:28"]
[TimeControl "120+12"]

1. e4 e5 2. Nc3 Nf6 3. Bc4 Nxe4 4. Qh5 Nd6 5. Bb3 Nc6 6. Nb5 g6 7. Qf3 f5 8.
Qd5 Qe7 9. Nxc7+ Kd8 10. Nxa8 b6 11. d3 e4 12. dxe4 Qxe4+ 13. Qxe4 Nxe4 14.
f3 Nc5 15. Bd5 Bb7 16. Bg5+ Kc8 17. Bf6 {Black resigns} 1-0

[Event "GambitGuide"]
[Site "Internet Chess Club"]
[Date "2014.10.31"]
[Round "1"]
[White "JSBach"]
[Black "Drunxican"]
[Result "1-0"]
[ICCResult "Black resigns"]
[WhiteElo "1757"]
[BlackElo "1518"]
[Opening "Vienna: `Frankenstein-Dracula' variation"]
[ECO "C27"]
[NIC "VG.02"]
[Time "18:54:28"]
[TimeControl "120+12"]

1. e4 e5 2. Nc3 Nf6 3. Bc4 Nxe4 4. Qh5 Nd6 5. Bb3 Nc6 6. Nb5 g6 7. Qf3 f5 8.
Qd5 Qe7 9. Nxc7+ Kd8 10. Nxa8 b6 11. d3 Bb7 12. Nxb6 axb6 13. Qf3 h6 14. Qg3
g5 15. Be3 f4 16. Bxb6+ Kc8 17. Qf3 e4 18. dxe4 Nxe4 19. O-O-O Bg7 20. Bd5
Qe5 21. Qb3 {Black resigns} 1-0

[Event "GambitGuide"]
[Site "Internet Chess Club"]
[Date "2014.10.31"]
[Round "1"]
[White "JSBach"]
[Black "QuieroAprender"]
[Result "1-0"]
[ICCResult "Black resigns"]
[WhiteElo "1757"]
[BlackElo "1379"]
[Opening "Vienna: `Frankenstein-Dracula' variation"]
[ECO "C27"]
[NIC "VG.02"]
[Time "18:51:24"]
[TimeControl "120+12"]

1. e4 e5 2. Nc3 Nf6 3. Bc4 Nxe4 4. Qh5 Nd6 5. Bb3 Nc6 6. Nb5 g6 7. Qf3 f5 8.
Qd5 Qe7 9. Nxc7+ Kd8 10. Nxa8 b6 11. d3 Bb7 12. Nxb6 Nd4 13. Bg5 Qxg5 14.
Qxe5 Nxb3 15. axb3 axb6 16. Qxh8 Qe7+ 17. Kf1 Kc7 18. Qc3+ Bc6 19. Nf3 Bg7
20. Nd4 Qg5 21. Qxc6+ dxc6 22. Ne6+ {Black resigns} 1-0

[Event "GambitGuide"]
[Site "Internet Chess Club"]
[Date "2014.10.31"]
[Round "1"]
[White "JSBach"]
[Black "Agnuti"]
[Result "1-0"]
[ICCResult "Black resigns"]
[WhiteElo "1757"]
[BlackElo "1385"]
[Opening "Vienna: `Frankenstein-Dracula' variation"]
[ECO "C27"]
[NIC "VG.02"]
[Time "18:55:10"]
[TimeControl "120+12"]

1. e4 e5 2. Nc3 Nf6 3. Bc4 Nxe4 4. Qh5 Nd6 5. Bb3 Nc6 6. Nb5 g6 7. Qf3 f5 8.
Qd5 Qe7 9. Nxc7+ Kd8 10. Nxa8 b6 11. d3 Qh4 12. Nf3 Qb4+ 13. c3 Qb5 14. Bg5+
Be7 15. Qxd6 {Black resigns} 1-0

[Event "GambitGuide"]
[Site "Internet Chess Club"]
[Date "2014.10.31"]
[Round "1"]
[White "JSBach"]
[Black "tazmanfox66"]
[Result "1-0"]
[ICCResult "Black checkmated"]
[WhiteElo "1757"]
[BlackElo "1524"]
[Opening "Vienna: `Frankenstein-Dracula' variation"]
[ECO "C27"]
[NIC "VG.02"]
[Time "18:54:03"]
[TimeControl "120+12"]

1. e4 e5 2. Nc3 Nf6 3. Bc4 Nxe4 4. Qh5 Nd6 5. Bb3 Nc6 6. Nb5 g6 7. Qf3 f5 8.
Qd5 Qe7 9. Nxc7+ Kd8 10. Nxa8 b6 11. d3 Bb7 12. Nxb6 axb6 13. Qf3 Kc7 14. c3
e4 15. dxe4 Nxe4 16. Be3 Ne5 17. Qf4 d6 18. Rd1 Ba6 19. Bd4 Bg7 20. Qe3 Rf8
21. Bxb6+ Kb7 22. Bd5+ Kb8 23. a4 Ng4 24. Ba7+ Kc8 25. Qb6 Nexf2+ 26. Kd2
Bh6+ 27. Kc2 Ne3+ 28. Kb1 Nfxd1 29. Qxa6+ Kd8 30. Bb6+ Ke8 31. Qc8+ Qd8 32.
Qxd8# {Black checkmated} 1-0

[Event "GambitGuide"]
[Site "Internet Chess Club"]
[Date "2014.10.31"]
[Round "1"]
[White "JSBach"]
[Black "Drunxican"]
[Result "1-0"]
[ICCResult "Black resigns"]
[WhiteElo "1757"]
[BlackElo "1518"]
[Opening "Vienna: `Frankenstein-Dracula' variation"]
[ECO "C27"]
[NIC "VG.02"]
[Time "18:55:10"]
[TimeControl "120+12"]

1. e4 e5 2. Nc3 Nf6 3. Bc4 Nxe4 4. Qh5 Nd6 5. Bb3 Nc6 6. Nb5 g6 7. Qf3 f5 8.
Qd5 Qe7 9. Nxc7+ Kd8 10. Nxa8 b6 11. d3 Bb7 12. Nxb6 axb6 13. Qf3 e4 14. Qe3
Bg7 15. Qxb6+ Kc8 16. Ne2 g5 17. d4 f4 18. Bd5 f3 19. gxf3 exf3 20. Bxf3 Rf8
21. Bxc6 Bxc6 22. Rg1 h6 23. Be3 Nc4 24. Qa6+ {Black resigns} 1-0

[Event "GambitGuide"]
[Site "Internet Chess Club"]
[Date "2014.10.31"]
[Round "1"]
[White "JSBach"]
[Black "imortaliss"]
[Result "0-1"]
[ICCResult "White checkmated"]
[WhiteElo "1757"]
[BlackElo "2010"]
[Opening "Vienna: `Frankenstein-Dracula' variation"]
[ECO "C27"]
[NIC "VG.02"]
[Time "18:53:50"]
[TimeControl "120+12"]

1. e4 e5 2. Nc3 Nf6 3. Bc4 Nxe4 4. Qh5 Nd6 5. Bb3 Nc6 6. Nb5 g6 7. Qf3 f5 8.
Qd5 Qe7 9. Nxc7+ Kd8 10. Nxa8 b6 11. d3 Bg7 12. Nh3 Bb7 13. Bg5 Bf6 14. Nxb6
axb6 15. Bxf6 Qxf6 16. Qf3 g5 17. Qh5 g4 18. Ng5 h6 19. Nf7+ Nxf7 20. Qxf7
Qxf7 21. Bxf7 Ke7 22. Bd5 Kd6 23. c4 Rb8 24. h3 Nd4 25. Rc1 Bxd5 26. cxd5 h5
27. hxg4 hxg4 28. Kd2 Kxd5 29. Rc7 d6 30. Rhc1 Rh8 31. Rb7 Rh2 32. Rxb6 Rxg2
33. Ke1 Nf3+ 34. Ke2 f4 35. Rb5+ Ke6 36. a4 Nd4+ 37. Kf1 f3 38. Rb8 Ne2 39.
Re8+ Kd5 40. Ke1 Nxc1 41. d4 Nd3+ 42. Kd2 Nxf2 43. dxe5 Ne4+ 44. Ke3 f2 45.
Rf8 g3 46. Ke2 Rg1 47. b4 Re1+ 48. Kd3 f1=Q+ 49. Rxf1 Rxf1 50. e6 Kxe6 51.
Kxe4 g2 52. b5 g1=Q 53. Kd3 Rf3+ 54. Ke2 Qf2+ 55. Kd1 Rg3 56. a5 Rg1#
{White checkmated}
0-1

[Event "GambitGuide"]
[Site "Internet Chess Club"]
[Date "2014.10.31"]
[Round "1"]
[White "JSBach"]
[Black "Koval"]
[Result "1-0"]
[ICCResult "Black resigns"]
[WhiteElo "1757"]
[BlackElo "1991"]
[Opening "Vienna: `Frankenstein-Dracula' variation"]
[ECO "C27"]
[NIC "VG.02"]
[Time "18:55:55"]
[TimeControl "120+12"]

1. e4 e5 2. Nc3 Nf6 3. Bc4 Nxe4 4. Qh5 Nd6 5. Bb3 Nc6 6. Nb5 g6 7. Qf3 f5 8.
Qd5 Qe7 9. Nxc7+ Kd8 10. Nxa8 b6 11. d3 Bb7 12. Nxb6 axb6 13. Qf3 Nd4 14.
Qh3 g5 15. Be3 g4 16. Qh5 Bg7 17. Bg5 Bf6 18. Bxf6 Qxf6 19. Kf1 Nf7 20. Bxf7
{Black resigns}
1-0

[Event "GambitGuide"]
[Site "Internet Chess Club"]
[Date "2014.10.31"]
[Round "1"]
[White "JSBach"]
[Black "sibirica"]
[Result "0-1"]
[ICCResult "White checkmated"]
[WhiteElo "1757"]
[BlackElo "2349"]
[Opening "Vienna: `Frankenstein-Dracula' variation"]
[ECO "C27"]
[NIC "VG.02"]
[Time "18:54:34"]
[TimeControl "120+12"]

1. e4 e5 2. Nc3 Nf6 3. Bc4 Nxe4 4. Qh5 Nd6 5. Bb3 Nc6 6. Nb5 g6 7. Qf3 f5 8.
Qd5 Qe7 9. Nxc7+ Kd8 10. Nxa8 b6 11. d3 Bb7 12. Nxb6 axb6 13. Qf3 Nd4 14.
Qh3 Bg7 15. Be3 f4 16. Bxd4 exd4+ 17. Ne2 Re8 18. Qg4 f3 19. O-O fxe2 20.
Rfe1 Nf5 21. Qf4 Kc8 22. Bc4 Nh4 23. f3 Qe3+ 24. Qxe3 Rxe3 25. a3 Bh6 26. h3
Bxf3 27. gxf3 Nxf3+ 28. Kf2 Nxe1 29. Rxe1 Rxh3 30. Rxe2 Be3+ 31. Kg2 Rh5 32.
Ba6+ Kc7 33. a4 Rg5+ 34. Kh3 h5 35. Bc4 Rf5 36. Kh4 Rf4+ 37. Kh3 g5 38. Kg2
g4 39. Bd5 h4 40. c4 Kd6 41. b4 Kc7 42. a5 bxa5 43. bxa5 Rf6 44. Rb2 Ra6 45.
Rb5 Bd2 46. Rb7+ Kd6 47. Rb6+ Rxb6 48. axb6 Ba5 49. b7 Bc7 50. Kf2 Kc5 51.
Ke2 h3 52. Kf2 g3+ 53. Kf3 g2 54. Kf2 Bh2 55. Bxg2 hxg2 56. Kxg2 Bc7 57. Kf3
Kc6 58. Ke4 Kxb7 59. c5 Kc6 60. Kxd4 Kb5 61. Kd5 Bb8 62. d4 Bc7 63. Ke4 Kc4
64. Ke3 Kd5 65. Kd3 Bd8 66. c6 dxc6 67. Kd2 Bf6 68. Ke1 Bxd4 69. Ke2 c5 70.
Kf3 Kc4 71. Kf4 Kd3 72. Kg5 c4 73. Kf5 c3 74. Ke6 c2 75. Kd5 c1=Q 76. Kd6
Qc5+ 77. Ke6 Qe5+ 78. Kd7 Qf6 79. Kc7 Bc5 80. Kc8 Qe7 81. Kb8 Bb6 82. Kc8
Qc7# {White checkmated} 0-1

[Event "GambitGuide"]
[Site "Internet Chess Club"]
[Date "2014.10.31"]
[Round "1"]
[White "JSBach"]
[Black "franco"]
[Result "1-0"]
[ICCResult "Black checkmated"]
[WhiteElo "1757"]
[BlackElo "1417"]
[Opening "Vienna: `Frankenstein-Dracula' variation"]
[ECO "C27"]
[NIC "VG.02"]
[Time "18:53:57"]
[TimeControl "120+12"]

1. e4 e5 2. Nc3 Nf6 3. Bc4 Nxe4 4. Qh5 Nd6 5. Bb3 Nc6 6. Nb5 g6 7. Qf3 f5 8.
Qd5 Qe7 9. Nxc7+ Kd8 10. Nxa8 b6 11. d3 Bb7 12. Nxb6 axb6 13. Qf3 Kc7 14.
Bd2 Bg7 15. Bc3 Re8 16. Qe3 e4 17. d4 Nb5 18. d5 Nxc3 19. dxc6 Nd5 20. Bxd5
dxc6 21. Bb3 Bxb2 22. Rd1 Bc3+ 23. Qxc3 c5 24. Qg3+ Kc8 25. Rd6 Qg7 26. Rxb6
Qa1+ 27. Ke2 Rd8 28. Be6+ Rd7 29. Bxd7+ Kxd7 30. Rxb7+ Kc6 31. Qc7+ Kd5 32.
Qf7+ Kc6 33. Qd7# {Black checkmated} 1-0

[Event "GambitGuide"]
[Site "Internet Chess Club"]
[Date "2014.10.31"]
[Round "1"]
[White "JSBach"]
[Black "Drunxican"]
[Result "1-0"]
[ICCResult "Black checkmated"]
[WhiteElo "1757"]
[BlackElo "1518"]
[Opening "Vienna: `Frankenstein-Dracula' variation"]
[ECO "C27"]
[NIC "VG.02"]
[Time "18:56:32"]
[TimeControl "120+12"]

1. e4 e5 2. Nc3 Nf6 3. Bc4 Nxe4 4. Qh5 Nd6 5. Bb3 Nc6 6. Nb5 g6 7. Qf3 f5 8.
Qd5 Qe7 9. Nxc7+ Kd8 10. Nxa8 b6 11. d3 Bb7 12. Nxb6 axb6 13. Qf3 Nd4 14.
Qg3 Bg7 15. Bg5 Bf6 16. Bxf6 Qxf6 17. Ba4 f4 18. Qg4 h5 19. Qxd7#
{Black checkmated}
1-0

[Event "GambitGuide"]
[Site "Internet Chess Club"]
[Date "2014.10.31"]
[Round "1"]
[White "JSBach"]
[Black "sibirica"]
[Result "1-0"]
[ICCResult "Black resigns"]
[WhiteElo "1757"]
[BlackElo "2349"]
[Opening "Vienna: `Frankenstein-Dracula' variation"]
[ECO "C27"]
[NIC "VG.02"]
[Time "18:56:43"]
[TimeControl "120+12"]

1. e4 e5 2. Nc3 Nf6 3. Bc4 Nxe4 4. Qh5 Nd6 5. Bb3 Nc6 6. Nb5 g6 7. Qf3 f5 8.
Qd5 Qe7 9. Nxc7+ Kd8 10. Nxa8 b6 11. d3 Bb7 12. Nxb6 axb6 13. Qf3 Nd4 14.
Qh3 Bg7 15. Be3 f4 16. Bxd4 exd4+ 17. Kf1 Re8 18. Qxh7 Qf6 19. Qh3 Nf5 20.
Re1 Ne3+ 21. fxe3 dxe3 22. Qg4 Qxb2 23. Qxg6 Bc3 24. Qxb6+ Kc8 25. Qg6 Rh8
26. Rd1 Qa3 27. Rb1 Qf8 28. Qb6 Qg7 29. Qc5+ Kd8 30. Bd5 {Black resigns} 1-0

[Event "GambitGuide"]
[Site "Internet Chess Club"]
[Date "2014.10.31"]
[Round "1"]
[White "JSBach"]
[Black "Drunxican"]
[Result "1-0"]
[ICCResult "Black resigns"]
[WhiteElo "1757"]
[BlackElo "1518"]
[Opening "Vienna: `Frankenstein-Dracula' variation"]
[ECO "C27"]
[NIC "VG.02"]
[Time "18:56:54"]
[TimeControl "120+12"]

1. e4 e5 2. Nc3 Nf6 3. Bc4 Nxe4 4. Qh5 Nd6 5. Bb3 Nc6 6. Nb5 g6 7. Qf3 f5 8.
Qd5 Qe7 9. Nxc7+ Kd8 10. Nxa8 b6 11. d3 Bb7 12. Nxb6 axb6 13. Qf3 Nd4 14.
Qh3 e4 15. Be3 Bg7 16. dxe4 Nxe4 17. c3 Nb5 18. Bxb6+ Kc8 19. Ne2 Nexc3 20.
Bc4 Re8 21. Rc1 Kb8 22. bxc3 Qa3 23. O-O {Black resigns} 1-0

[Event "GambitGuide"]
[Site "Internet Chess Club"]
[Date "2014.10.31"]
[Round "1"]
[White "JSBach"]
[Black "ADT"]
[Result "1-0"]
[ICCResult "Black resigns"]
[WhiteElo "1757"]
[BlackElo "1860"]
[Opening "Vienna: `Frankenstein-Dracula' variation"]
[ECO "C27"]
[NIC "VG.02"]
[Time "18:57:03"]
[TimeControl "120+12"]

1. e4 e5 2. Nc3 Nf6 3. Bc4 Nxe4 4. Qh5 Nd6 5. Bb3 Nc6 6. Nb5 g6 7. Qf3 f5 8.
Qd5 Qe7 9. Nxc7+ Kd8 10. Nxa8 b6 11. d3 Bb7 12. Nxb6 axb6 13. Qf3 Bg7 14.
Be3 e4 15. dxe4 Bxb2 16. Rd1 Bc3+ 17. Kf1 Nxe4 18. Ne2 Bf6 19. Bxb6+ Kc8 20.
a4 Na5 21. Bd5 Nc6 22. Qd3 Re8 23. Rb1 Nd6 24. Nf4 Be5 25. Ne2 Ne4 26. Bxe4
fxe4 27. Qxe4 Bc3 28. Qxe7 Rxe7 29. Nxc3 Ne5 30. Bc5 Rf7 31. Ne2 Ng4 32. a5
Rxf2+ 33. Bxf2 Nxf2 34. Kxf2 {Black resigns} 1-0

[Event "GambitGuide"]
[Site "Internet Chess Club"]
[Date "2014.10.31"]
[Round "1"]
[White "JSBach"]
[Black "Blima"]
[Result "0-1"]
[ICCResult "White checkmated"]
[WhiteElo "1757"]
[BlackElo "2199"]
[Opening "Vienna: `Frankenstein-Dracula' variation"]
[ECO "C27"]
[NIC "VG.02"]
[Time "18:52:41"]
[TimeControl "120+12"]

1. e4 e5 2. Nc3 Nf6 3. Bc4 Nxe4 4. Qh5 Nd6 5. Bb3 Nc6 6. Nb5 g6 7. Qf3 f5 8.
Qd5 Qe7 9. Nxc7+ Kd8 10. Nxa8 b6 11. d3 e4 12. dxe4 Nxe4 13. Be3 f4 14. f3
Nf6 15. Qf7 fxe3 16. g4 Bb7 17. g5 Qxf7 18. Bxf7 Nh5 19. Nxb6 axb6 20. O-O-O
Nf4 21. Bc4 Bg7 22. c3 Ne5 23. Bb5 Kc7 24. Kc2 Rd8 25. Re1 Nxf3 26. Nxf3
Bxf3 27. Rhf1 Be4+ 28. Kb3 Ng2 29. Re2 Rf8 30. Rd1 d5 31. Rc1 Rf2 32. Rxf2
exf2 33. Rf1 Ne3 34. Rxf2 Nf5 35. a3 Bf8 36. Rf4 Kd6 37. a4 Ke5 38. Rf1 Bc5
39. Bd7 Be3 40. Bxf5 gxf5 41. h4 f4 42. Ra1 f3 43. a5 bxa5 44. Rxa5 f2 45.
Ra1 Bd3 46. g6 hxg6 47. Kb4 f1=Q 48. Rxf1 Bxf1 49. Ka5 Bf2 50. Kb4 Bxh4 51.
Kb3 g5 52. Kc2 g4 53. b3 g3 54. Kd2 g2 55. Kd1 g1=Q 56. Kc2 Qe3 57. b4 Qd3+
58. Kb3 Qb1+ 59. Ka3 Bb5 60. c4 Bxc4 61. Ka4 Qa2# {White checkmated} 0-1